 Dungeon Sprint DCSS version 0.26-a0-708-g17f3b190f9 (webtiles) character file.

Game seed: 11255580749439400151

138799 olmar the Hoplite (level 16, -19/125 HPs)
             Began as a Gargoyle Fighter on Oct 28, 2020.
             Was an Initiate of Gozag.
             Killed from afar by Dispater (64 damage)
             ... with a crystal spear
             ... in the Dungeon (Sprint III: "The Ten Rune Challenge").
             The game lasted 00:21:39 (3617 turns).

olmar the Hoplite (Gargoyle Fighter)                Turns: 3617, Time: 00:21:40

Health: -19/125    AC: 62    Str: 31    XL:     16   Next: 96%
Magic:  16/16      EV:  9    Int:  8    God:    Gozag
Gold:   6205       SH: 33    Dex:  9    Spells: 15/15 levels left

rFire    + + .     SeeInvis .   E - +8 morningstar (protect)
rCold    + . .     Faith    .   I - +6 tower shield {reflect}
rNeg     + + +     Spirit   .   m - +15 Maxwell's patent armour {-Cast -Tele rElec MR+ rCorr}
rPois    ∞         Reflect  +   (no helmet)
rElec    +         Harm     .   x - +2 cloak {rPois}
rCorr    +         Rampage  .   P - +0 pair of gloves "Nizxavatz" {Slay+3}
MR       ++...     NoTele   +   u - -1 pair of boots "Zoutuang" {Str+7} (curse) Stlth ..........NoCast +
                                C - amulet of regeneration
HPRegen  0.70/turn              n - ring "Leges" {rN++ rCorr Stlth+}
MPRegen  0.15/turn              O - ring of protection from fire

@: mighty, resistant, protection aura, stab, very slightly contaminated, hasted,
invisible, very quick
A: big wings, thin metallic scales 1, blurry vision 1, dopey 1, negative energy
resistance 1, electricity resistance, weak 1, unbreathing, petrification
resistance, rot immunity, subdued magic 1, AC +12
}: 1/10 runes: silver
a: Fly, Potion Petition, Call Merchant, Bribe Branch, Renounce Religion


You were in the Dungeon.
You worshipped Gozag.
Gozag was greatly pleased with you.
You visited 1 branch You collected 22769 gold pieces.
You spent 10627 gold pieces at shops.
You paid 5937 gold pieces to Gozag.

Inventory:

Hand Weapons
 E - a +8 morningstar of protection (weapon)
 F - a +0 eveningstar of protection
 G - the +0 demon whip "Joetwoock" {pain, MR+ Int+2}
   (You found it in the Dungeon)

   In the hands of one skilled in necromantic magic, it inflicts extra damage on
   living creatures.
   It affects your intelligence (+2).
   It affects your resistance to hostile enchantments.
 Q - a +5 sacred scourge of holy wrath
Armour
 m - the +15 Maxwell's patent armour (worn) {-Cast -Tele rElec MR+ rCorr}
   (You bought it in a shop in the Dungeon)

   It insulates you from electricity.
   It affects your resistance to hostile enchantments.
   It prevents spellcasting.
   It prevents most forms of teleportation.
   It provides partial protection from all sources of acid and corrosion.
 u - the cursed -1 pair of boots "Zoutuang" (worn) {Str+7}
   (You bought it in a shop in the Dungeon)

   It affects your strength (+7).
   It has a curse placed upon it.
 x - a +2 cloak of poison resistance (worn)
 I - a +6 tower shield of reflection (worn)
 P - the +0 pair of gloves "Nizxavatz" (worn) {Slay+3}
   (You bought it in a shop in the Dungeon)

   It affects your accuracy and damage with ranged weapons and melee attacks
   (+3).
Jewellery
 n - the ring "Leges" (left hand) {rN++ rCorr Stlth+}
   (You found it in the Dungeon)

   [ring of resist corrosion]

   It greatly protects you from negative energy.
   It provides partial protection from all sources of acid and corrosion.
   It makes you more stealthy.
 C - an amulet of regeneration (around neck)
 L - the ring "Cagruide" {Wiz +Blink rN++}
   (You found it in the Dungeon)

   [ring of wizardry]

   It improves your spell success rate.
   It greatly protects you from negative energy.
   It lets you blink.
 M - an uncursed amulet of guardian spirit {unknown}
 O - a ring of protection from fire (right hand)
Wands
 k - a wand of paralysis (3)
 o - a wand of iceblast (16)
Scrolls
 j - a scroll of blinking
 l - 3 scrolls of identify
 z - a scroll of fog
Potions
 a - a potion of resistance
 d - a potion of might
 f - 5 potions of haste
 g - 8 potions of lignification
 h - 2 potions of magic
 i - 5 potions of curing
 p - 2 potions of brilliance
 q - 4 potions of flight
 r - 4 potions of mutation
 s - a potion of cancellation
 A - 2 potions of stabbing
 B - a potion of ambrosia
 R - 2 potions of berserk rage
Miscellaneous
 e - a tin of tremorstones (3/3)
 y - a condenser vane (2/2)
 K - a phantom mirror (inert)
 N - a box of beasts (inert)
 T - the horn of Geryon (inert)


   Skills:
 + Level 23.0 Fighting
 + Level 22.8 Maces & Flails
 + Level 20.5 Armour
 - Level 0.1 Dodging
 + Level 26.5 Shields
 + Level 19.1 Evocations


You had 15 spell levels left.
You didn't know any spells.
Your spell library contained the following spells:

 Spells                   Type           Power        Failure   Level
 Magic Dart               Conj           #...         83%         1
 Blink                    Tloc           N/A          92%         2
 Call Imp                 Summ           #.......     92%         2
 Ensorcelled Hibernation  Hex/Ice        #.....       92%         2
 Slow                     Hex            #.......     92%         2
 Conjure Flame            Conj/Fire      #.......     99%         3
 Frozen Ramparts          Ice            #.....       99%         3
 Mephitic Cloud           Conj/Pois/Air  #.......     99%         3
 Animate Dead             Necr           #.........   100%        4
 Hailstorm                Conj/Ice       #.......     100%        4
 Agony                    Necr           #.......     100%        5
 Borgnjor's Vile Clutch   Necr/Erth      #.........   100%        5
 Death Channel            Necr           #.........   100%        6
 Freezing Cloud           Conj/Ice/Air   #.........   100%        6
 Simulacrum               Ice/Necr       #.........   100%        6
 Haunt                    Necr/Summ      #.........   100%        7
 Borgnjor's Revivificati  Necr           #.........   100%        8
 Infestation              Necr           #.........   100%        8
 Necromutation            Tmut/Necr      #.........   100%        8
 Death's Door             Necr           #.........   100%        9


Dungeon Overview and Level Annotations

Branches:
Dungeon (1/1)

Altars:
Cheibriados
Dithmenos
Elyvilon
Fedhas
Gozag
Hepliaklqana
Kikubaaqudgha
Makhleb
Nemelex Xobeh
Okawaru
Qazlal
Ru
Sif Muna
Trog
Uskayaw
Vehumet
Wu Jian
Xom
Yredelemnul
Zin
The Shining One
Beogh
Jiyva
Lugonu

Shops:
D ![![[!!}}[[!*}(=?*(=:[

Annotations:
D Dispater


Innate Abilities, Weirdness & Mutations

You are resistant to torment.
Your stone body is resilient. (AC +12)
You are immune to poison.
Your large and strong wings let you fly indefinitely.
You resist negative energy. (rN+)
You are resistant to electric shocks. (rElec)
You can survive without breathing.
You are immune to petrification.
You are immune to rotting.
You are partially covered in thin metallic scales. (AC +2)
Scrolls take you a little longer to read.
You are dopey. (Int -2)
You are weak. (Str -2)
Your spells are a little easier to cast, but a little less powerful.


Message History

You block Dispater's attack.
Unknown command.
Unknown command.
You hit Dispater but do no damage.
Dispater is almost dead.
The Hell Sentinel hits you but does no damage.
You block the Hell Sentinel's attack.
Unknown command.
You sock Dispater!
Dispater is almost dead.
You block the cacodemon's attack. x2
Unknown command.
Unknown command.
You hit Dispater.
Dispater is almost dead.
Dispater gestures at you. The crystal spear hits you!!!
Ouch! That really hurt!
You die...
Your body crumbles into a pile of gold.

**,,,,,,,** *∩,,,,,,,,,,***
***,_,*** *∩,************
***** *∩,,,,,,,,,,,**
**,,,,,,,,,,,** **************
##############**************#
#.'..#^....∩.#*≈,,,,$$,$,,,*#
#H#..'^.####&#*≈≈,,,,,,*****#
#.####..#.○°@#*≈≈≈≈,,,,≈≈≈≈*#
#.#.(##'#.§21##.§§≈§≈≈≈§§§§*#
#.#.[#..#☼○.)#*§≈§≈≈≈≈≈§°§,*#
#.'..#.^#○"§φ#*,.§§≈≈≈≈§.,,*#
######''######*,§§§☼≈≈°§,,,*#
##.#.#..#)#.##*,,§§○....,,,*#
#.^..^^).....#*8,,§....,,,8*#
▓######)#############'########
▓...........(((....((........#


You could see Dispater, a Hell Sentinel (summoned) and a cacodemon (summoned).

Vanquished Creatures
  the Serpent of Hell (D)
  Mara (D)
  Mennas (D)
  Boris (D)
  Frederick (D)
  2 golden dragons (D)
  A Brimstone Fiend (D)
  An iron giant (D)
  A quicksilver dragon (D)
  3 Hell Sentinels (D)
  2 titans (D)
  A lich (D)
  An ancient champion (D)
  Harold (D)
  Chuck (D)
  2 shadow dragons (D)
  An iron dragon (D)
  3 fire giants (D)
  3 war gargoyles (D)
  2 vampire knights (D)
  Snorg (D)
  A yaktaur captain (D)
  A mummy priest (D)
  A fire dragon (D)
  An ogre mage (D)
  17 vault guards (D)
  A hell beast (D)
  3 centaur warriors (D)
  An iron elemental (D)
  3 orc high priests (D)
  A satyr (shapeshifter) (D)
  A titan zombie (D)
  2 sun demons (D)
  3 skeletal warriors (D)
  A shadow wraith (D)
  An unseen horror (D)
  A golden dragon zombie (D)
  2 obsidian statues (D)
  A lindwurm (shapeshifter) (D)
  Joseph (D)
  6 deep elf magi (D)
  A lindwurm (D)
  6 ugly things (D)
  2 oklob plants (D)
  A shining eye (shapeshifter) (D)
  A crystal guardian (D)
  A stone giant skeleton (D)
  A rust devil (D)
  A molten gargoyle (D)
  7 statues (D)
  A komodo dragon (D)
  2 cane toads (D)
  5 yaktaurs (D)
  3 wandering mushrooms (D)
  4 spriggan defenders (D)
  A troll (shapeshifter) (D)
  A queen bee (D)
  2 hornets (D)
  2 tyrant leeches (D)
  6 slime creatures (D)
  A redback (shapeshifter) (D)
  2 redbacks (D)
  A shadow (D)
  A hydra simulacrum (D)
  2 orc warriors (D)
  A necrophage (D)
  2 centaurs (D)
  An earth elemental (D)
  A water elemental (D)
  32 killer bees (D)
  A jelly (D)
  3 orc priests (D)
  A wizard (D)
  Jessica (D)
  3 orc wizards (D)
  A necromancer (D)
  A kobold demonologist (D)
  3 humans (D)
  2 oozes (D)
  A phantom (D)
  3 ball lightnings (D)
  11 orcs (D)
  A rat (D)
  A ballistomycete spore (D)
  A bush (D)
  12 butterflies (D)
218 creatures vanquished.

Vanquished Creatures (collateral kills)
  Geryon (D)
  Roxanne (D)
  A draconian knight (D)
  2 stone giants (D)
  A war gargoyle (D)
  3 vault guards (D)
  A yaktaur captain (D)
  A hell beast (D)
  An iron elemental (D)
  2 soul eaters (D)
  An iron golem (D)
  An anaconda zombie (D)
  A spectral iron dragon (D)
  3 crystal guardians (D)
  An iron troll simulacrum (D)
  2 rust devils (D)
  3 yaktaurs (D)
  2 ice devils (D)
  An anaconda simulacrum (D)
  A statue (D)
  A hornet (D)
31 creatures vanquished.

Vanquished Creatures (others)
  2 hydras (D)
  4 dancing weapons (D)
  An electric eel (D)
  4 ball lightnings (D)
  26 plants (D)
37 creatures vanquished.

Grand Total: 286 creatures vanquished

Notes
Turn   | Place    | Note
-------+----------+-------------------------------------------
     0 | D        | olmar the Gargoyle Fighter began the quest for the Orb.
     0 | D        | Reached XP level 1. HP: 14/14 MP: 1/1
     7 | D        | Reached skill level 4 in Shields
     7 | D        | Reached XP level 2. HP: 19/20 MP: 2/2
    11 | D        | Noticed Jessica
    20 | D        | Killed Jessica
    20 | D        | Reached skill level 5 in Fighting
    20 | D        | Reached skill level 5 in Shields
    20 | D        | Reached XP level 3. HP: 22/26 MP: 3/3
    58 | D        | Reached skill level 5 in Armour
   114 | D        | Reached XP level 4. HP: 14/31 MP: 4/4
   281 | D        | Noticed a water elemental
   290 | D        | Killed a water elemental
   290 | D        | Reached skill level 6 in Shields
   290 | D        | Reached XP level 5. HP: 27/36 MP: 5/5
   329 | D        | Reached skill level 5 in Maces & Flails
   401 | D        | Noticed a shadow
   413 | D        | Killed a shadow
   413 | D        | Reached skill level 7 in Shields
   413 | D        | Reached XP level 6. HP: 42/44 MP: 6/6
   445 | D        | Found a blossoming altar of Fedhas.
   445 | D        | Found a stormy altar of Qazlal.
   446 | D        | Found a snail-covered altar of Cheibriados.
   446 | D        | Found a burning altar of Makhleb.
   446 | D        | Found a hazy altar of Hepliaklqana.
   446 | D        | Found a shimmering altar of Xom.
   446 | D        | Found an opulent altar of Gozag.
   446 | D        | Found a sparkling altar of Nemelex Xobeh.
   446 | D        | Found a corrupted altar of Lugonu.
   446 | D        | Found a viscous altar of Jiyva.
   446 | D        | Noticed a spatial vortex
   452 | D        | Became a worshipper of Gozag Ym Sagoz the Greedy
   452 | D        | Found the +9 staff of Olgreb {rPois∞}
   452 | D        | Found the ring of Phasing {EV+8}
   484 | D        | Found a basalt altar of Yredelemnul.
   484 | D        | Found a shadowy altar of Dithmenos.
   484 | D        | Found a sacrificial altar of Ru.
   484 | D        | Noticed a necrophage
   487 | D        | Killed a necrophage
   487 | D        | Reached skill level 8 in Shields
   501 | D        | Found a radiant altar of Vehumet.
   501 | D        | Found a shimmering blue altar of Sif Muna.
   501 | D        | Found an ancient bone altar of Kikubaaqudgha.
   502 | D        | Reached XP level 7. HP: 38/49 MP: 7/7
   518 | D        | Found a hide-covered altar of Uskayaw.
   518 | D        | Found a roughly hewn altar of Beogh.
   518 | D        | Found an iron altar of Okawaru.
   518 | D        | Found a bloodstained altar of Trog.
   518 | D        | Found an ornate altar of the Wu Jian Council.
   518 | D        | Noticed a human
   518 | D        | Noticed a human
   521 | D        | Killed a human
   521 | D        | Reached skill level 1 in Evocations
   522 | D        | Killed a human
   522 | D        | Reached skill level 9 in Shields
   605 | D        | Found a glowing silver altar of Zin.
   605 | D        | Found a glowing golden altar of the Shining One.
   605 | D        | Found a white marble altar of Elyvilon.
   605 | D        | Noticed a deep elf mage
   616 | D        | Killed a deep elf mage
   616 | D        | Reached skill level 10 in Maces & Flails
   616 | D        | Reached XP level 8. HP: 36/56 MP: 8/8
   829 | D        | Noticed Snorg
   876 | D        | Killed Snorg
   876 | D        | Reached skill level 10 in Fighting
   876 | D        | Reached skill level 10 in Armour
   876 | D        | Reached skill level 10 in Shields
   876 | D        | Reached XP level 9. HP: 7/62 MP: 9/9
  1142 | D        | Found Paifitau's Distillery.
  1142 | D        | Noticed an orc high priest
  1146 | D        | Killed an orc high priest
  1234 | D        | Bought a potion of haste for 140 gold pieces
  1234 | D        | Bought a potion of lignification for 42 gold pieces
  1234 | D        | Bought a potion of curing for 42 gold pieces
  1234 | D        | Bought a potion of heal wounds for 70 gold pieces
  1234 | D        | Bought a potion of haste for 140 gold pieces
  1234 | D        | Bought a potion of cancellation for 112 gold pieces
  1234 | D        | Bought a potion of haste for 140 gold pieces
  1239 | D        | Noticed a deep elf mage
  1239 | D        | Noticed a deep elf mage
  1239 | D        | Noticed a deep elf mage
  1239 | D        | Noticed a deep elf mage
  1239 | D        | Noticed a deep elf mage
  1245 | D        | Killed a deep elf mage
  1245 | D        | Reached XP level 10. HP: 55/69 MP: 10/10
  1245 | D        | Noticed a deep elf mage
  1246 | D        | Killed a deep elf mage
  1246 | D        | Reached skill level 11 in Shields
  1246 | D        | Killed a deep elf mage
  1248 | D        | Killed a deep elf mage
  1248 | D        | Reached skill level 5 in Evocations
  1251 | D        | Killed a deep elf mage
  1312 | D        | Noticed a centaur warrior
  1316 | D        | Killed a centaur warrior
  1316 | D        | Reached skill level 15 in Maces & Flails
  1362 | D        | Killed an unseen horror
  1396 | D        | Bought a bloodstained plate armour for 896 gold pieces
  1396 | D        | Bought a pair of ancient boots for 304 gold pieces
  1396 | D        | Bought a glowing kite shield for 240 gold pieces
  1396 | D        | Bought a pair of runed gloves for 240 gold pieces
  1406 | D        | Identified the +1 plate armour of the Moon {rPois Dex+3
                  | Stlth-} (You bought it in a shop in the Dungeon)
  1411 | D        | Identified the cursed -1 pair of boots "Zoutuang" {Str+7}
                  | (You bought it in a shop in the Dungeon)
  1426 | D        | Bought a runed cloak for 240 gold pieces
  1432 | D        | Reached XP level 11. HP: 65/76 MP: 11/11
  1432 | D        | Reached skill level 12 in Shields
  1500 | D        | Noticed Harold
  1500 | D        | Noticed Joseph
  1515 | D        | Killed Harold
  1530 | D        | Killed Joseph
  1580 | D        | Reached skill level 13 in Shields
  1617 | D        | Noticed a lindwurm
  1633 | D        | Killed a lindwurm
  1751 | D        | Noticed an obsidian statue
  1759 | D        | Found Basoypt's Magic Scroll Emporium.
  1759 | D        | Found Tiwka's Weapon Shop.
  1759 | D        | Found Tiurosh's Antique Armour Shoppe.
  1759 | D        | Found Veca's Jewellery Boutique.
  1759 | D        | Found Juno's Assorted Antiques.
  1759 | D        | Found Hutiq's Book Shop.
  1759 | D        | Found Juyce's Jewellery Emporium.
  1760 | D        | Found Keiffi's Antique Weapon Boutique.
  1760 | D        | Found Baywef's Gadget Shoppe.
  1760 | D        | Found Etor's General Store.
  1760 | D        | Found Hapn's Distillery.
  1774 | D        | Bought a condenser vane (2/2) for 200 gold pieces
  1777 | D        | Bought a scroll of fog for 26 gold pieces
  1780 | D        | Bought a potion of stabbing for 48 gold pieces
  1780 | D        | Bought a potion of ambrosia for 96 gold pieces
  1780 | D        | Bought a potion of curing for 36 gold pieces
  1780 | D        | Bought a potion of lignification for 36 gold pieces
  1799 | D        | Bought an uncursed amulet of regeneration for 330 gold
                  | pieces
  1801 | D        | Bought an embroidered scarf for 208 gold pieces
  1804 | D        | Bought a +8 morningstar of protection for 608 gold pieces
  1847 | D        | Killed an obsidian statue
  1847 | D        | Reached XP level 12. HP: 71/85 MP: 12/12
  1917 | D        | Reached skill level 14 in Shields
  1963 | D        | Got a brightly glowing bone ring
  1964 | D        | Identified the ring "Leges" {rN++ rCorr Stlth+} (You found
                  | it in the Dungeon)
  1976 | D        | Noticed a centaur warrior
  1984 | D        | Killed a centaur warrior
  2006 | D        | Noticed a fire dragon
  2011 | D        | Killed a fire dragon
  2032 | D        | Reached skill level 15 in Fighting
  2032 | D        | Reached skill level 15 in Shields
  2038 | D        | Got an iridescent demon whip
  2070 | D        | Noticed a yaktaur captain
  2081 | D        | Killed a yaktaur captain
  2089 | D        | Identified the +0 demon whip "Joetwoock" {pain, MR+ Int+2}
                  | (You found it in the Dungeon)
  2135 | D        | Noticed Chuck
  2142 | D        | Reached skill level 15 in Armour
  2158 | D        | Killed Chuck
  2158 | D        | Reached skill level 10 in Evocations
  2158 | D        | Reached XP level 13. HP: 69/93 MP: 13/13
  2192 | D        | Noticed Frederick
  2202 | D        | Reached skill level 16 in Shields
  2209 | D        | Gained mutation: You are partially covered in thin metallic
                  | scales. (AC +2) [a shining eye]
  2215 | D        | Gained mutation: Your spells are a little easier to cast,
                  | but a little less powerful. [a shining eye]
  2216 | D        | Killed Frederick
  2217 | D        | Gained mutation: You are weak. (Str -2) [a shining eye]
  2279 | D        | Noticed a lich
  2282 | D        | Noticed a shadow dragon
  2282 | D        | Noticed an ogre mage
  2301 | D        | Killed a lich
  2301 | D        | Reached skill level 17 in Shields
  2307 | D        | Noticed a shadow dragon
  2312 | D        | Killed an ogre mage
  2316 | D        | Killed a shadow dragon
  2329 | D        | Killed a shadow dragon
  2396 | D        | Noticed a golden dragon
  2396 | D        | Noticed a vault guard
  2396 | D        | Noticed a vault guard
  2396 | D        | Noticed a golden dragon
  2396 | D        | Noticed a vault guard
  2396 | D        | Noticed a vault guard
  2396 | D        | Noticed a fire giant
  2396 | D        | Noticed a vault guard
  2396 | D        | Noticed a vault guard
  2396 | D        | Noticed a quicksilver dragon
  2396 | D        | Noticed a vault guard
  2396 | D        | Noticed a vault guard
  2396 | D        | Noticed a fire giant
  2396 | D        | Noticed a vault guard
  2396 | D        | Noticed a vault guard
  2396 | D        | Noticed a fire giant
  2396 | D        | Noticed a vault guard
  2396 | D        | Noticed a titan
  2397 | D        | Noticed a vault guard
  2397 | D        | Noticed a vault guard
  2397 | D        | Noticed a vault guard
  2397 | D        | Noticed a titan
  2397 | D        | Noticed a vault guard
  2397 | D        | Noticed a vault guard
  2401 | D        | Killed a vault guard
  2401 | D        | Killed a vault guard
  2401 | D        | Killed a fire giant
  2401 | D        | Reached skill level 18 in Shields
  2402 | D        | Killed a vault guard
  2402 | D        | Gained mutation: Your large and strong wings let you fly
                  | indefinitely. [Gargoyle growth]
  2402 | D        | Reached XP level 14. HP: 103/103 MP: 14/14
  2403 | D        | Killed a fire giant
  2403 | D        | Killed a quicksilver dragon
  2403 | D        | Reached skill level 19 in Shields
  2403 | D        | Killed a fire giant
  2405 | D        | Killed a titan
  2405 | D        | Killed a titan
  2415 | D        | Killed a golden dragon
  2415 | D        | Reached skill level 20 in Shields
  2418 | D        | Killed a golden dragon
  2418 | D        | Reached skill level 15 in Evocations
  2418 | D        | Reached XP level 15. HP: 64/112 MP: 15/15
  2487 | D        | Got a silver rune of Zot
  2493 | D        | Got a bound ivory ring
  2494 | D        | Identified Sif Muna's Compendium of Freezing Necromancy
  2525 | D        | Acquired 741 gold pieces
  2676 | D        | Noticed Boris
  2697 | D        | Killed Boris
  2697 | D        | Reached skill level 21 in Shields
  2699 | D        | Noticed Mara
  2711 | D        | Noticed Mennas
  2720 | D        | Noticed olmar's illusion
  2728 | D        | Killed Mennas
  2742 | D        | Killed Mara
  2742 | D        | Reached skill level 22 in Shields
  2884 | D        | Noticed an ancient champion
  2895 | D        | Killed an ancient champion
  2984 | D        | Reached XP level 16. HP: 103/121 MP: 16/16
  3022 | D        | Identified Roxanne's Papyrus of Earth
  3022 | D        | Noticed Roxanne
  3036 | D        | Killed Roxanne
  3037 | D        | Reached skill level 23 in Shields
  3130 | D        | Found Ismur's Gadget Shoppe.
  3157 | D        | Found Omeesel's Armour Boutique.
  3173 | D        | Found Irigriu's Distillery.
  3173 | D        | Found Carchaymm's Armour Emporium.
  3173 | D        | Found Rono's Gadget Shop.
  3182 | D        | Bought a potion of berserk rage for 60 gold pieces
  3182 | D        | Bought a potion of berserk rage for 60 gold pieces
  3182 | D        | Bought a potion of curing for 36 gold pieces
  3182 | D        | Bought a potion of heal wounds for 60 gold pieces
  3182 | D        | Bought a potion of lignification for 36 gold pieces
  3184 | D        | Bought a potion of curing for 39 gold pieces
  3184 | D        | Bought a potion of curing for 39 gold pieces
  3184 | D        | Bought a potion of haste for 130 gold pieces
  3184 | D        | Bought a potion of lignification for 39 gold pieces
  3184 | D        | Bought a potion of curing for 39 gold pieces
  3184 | D        | Bought 2 potions of heal wounds for 130 gold pieces
  3186 | D        | Bought the +13 crystal plate armour "Zexien" {SInv} for
                  | 1764 gold pieces
  3197 | D        | Identified the ring "Cagruide" {Wiz +Blink rN++} (You found
                  | it in the Dungeon)
  3265 | D        | Noticed Geryon
  3288 | D        | Killed Geryon
  3288 | D        | Reached skill level 24 in Shields
  3299 | D        | Noticed a Brimstone Fiend
  3299 | D        | Noticed the Serpent of Hell
  3302 | D        | Noticed a quicksilver dragon
  3315 | D        | Noticed a quicksilver dragon
  3322 | D        | Killed the Serpent of Hell
  3335 | D        | Killed a Brimstone Fiend
  3335 | D        | Reached skill level 25 in Shields
  3352 | D        | Bought the +15 Maxwell's patent armour {-Cast -Tele rElec
                  | MR+ rCorr} for 3007 gold pieces
  3352 | D        | Found the +15 Maxwell's patent armour {-Cast -Tele rElec
                  | MR+ rCorr}
  3352 | D        | Bought a pair of spiked gloves for 266 gold pieces
  3377 | D        | Identified the +0 pair of gloves "Nizxavatz" {Slay+3} (You
                  | bought it in a shop in the Dungeon)
  3421 | D        | Noticed an iron giant
  3433 | D        | Killed an iron giant
  3489 | D        | Reached skill level 26 in Shields
  3503 | D        | Noticed a Hell Sentinel
  3518 | D        | Killed a Hell Sentinel
  3550 | D        | Bought a potion of lignification for 42 gold pieces
  3550 | D        | Bought a potion of stabbing for 56 gold pieces
  3550 | D        | Bought a potion of resistance for 140 gold pieces
  3550 | D        | Bought a potion of lignification for 42 gold pieces
  3550 | D        | Bought a potion of haste for 140 gold pieces
  3550 | D        | Bought a potion of curing for 42 gold pieces
  3550 | D        | Bought a potion of heal wounds for 70 gold pieces
  3550 | D        | Bought a potion of curing for 42 gold pieces
  3550 | D        | Bought a potion of heal wounds for 70 gold pieces
  3550 | D        | Bought a potion of lignification for 42 gold pieces
  3550 | D        | Bought a potion of curing for 42 gold pieces
  3553 | D        | Noticed a Hell Sentinel
  3553 | D        | Identified the +4 staff of Dispater
  3553 | D        | Noticed Dispater
  3553 | D        | Noticed a Hell Sentinel
  3554 | D        | Found the +7 Spriggan's Knife {stab, EV+4 Stlth+}
  3561 | D        | Killed a Hell Sentinel
  3565 | D        | Noticed an Executioner
  3569 | D        | Killed a Hell Sentinel
  3587 | D        | Noticed a Hell Sentinel
  3592 | D        | HP: 1/125 [Dispater/crystal spear (70)]
  3598 | D        | Gained mutation: Scrolls take you a little longer to read.
                  | [a cacodemon]
  3608 | D        | Gained mutation: You are dopey. (Int -2) [a cacodemon]
  3617 | D        | Killed from afar by Dispater

Illustrated notes

Levels and vault maps discovered:
D:        dungeon_sprint_mu [sprint_mu_entry_forest, sprint_mu_temple_rooms,
          sprint_mu_d1_horrors, sprint_mu_d2_genie, sprint_mu_d3_branching,
          sprint_mu_orc_legion, sprint_mu_elf_gauntlet, sprint_mu_hive_nellie,
          sprint_mu_lair_fedhas, sprint_mu_vaults_butterflies,
          sprint_mu_slime_circle, sprint_mu_shoals_kraken,
          sprint_mu_snake_twists, sprint_mu_blade_basic,
          sprint_mu_crypt_fortress, sprint_mu_tomb_spiral,
          sprint_mu_vestibule_basic, sprint_mu_gehenna_hellfire,
          sprint_mu_dis_giant, sprint_mu_tartarus_statrot,
          sprint_mu_cocytus_islands, sprint_mu_zot1]

Skill      XL: |  1  2  3  4  5  6  7  8  9 10 11 12 13 14 15 16 |
---------------+-------------------------------------------------+-----
Fighting       | 4 5 6 7 8 9 10 11 12 14 16 17 19 21 23 | 23.0
Armour         | 4 5 6 7 8 9 10 12 13 14 15 16 18 19 20 | 20.5
Shields        | 4 5 6 7 8 9 10 11 13 15 18 20 22 26 | 26.5
Maces & Flails | 3 4 7 8 10 12 13 15 16 18 19 20 21 22 | 22.8
Evocations     | 2 3 4 6 8 10 12 15 17 19 | 19.1
Dodging        | |  0.1

Action                   |  1- 3 |  4- 6 |  7- 9 | 10-12 | 13-15 | 16-18 || total
-------------------------+-------+-------+-------+-------+-------+-------++-------
Melee: Flail             |    40 |    24 |    23 |   132 |       |       ||   219
       Morningstar       |       |       |       |    66 |   183 |   148 ||   397
Invok: Potion Petition   |       |       |     1 |       |       |     4 ||     5
       Call Merchant     |       |       |       |     1 |       |     4 ||     5
Evoke: Tin of tremorston |       |     1 |     9 |    22 |    13 |       ||    45
       Condenser vane    |       |       |       |     5 |    14 |    10 ||    29
       Wand              |       |       |       |     2 |       |       ||     2
       Box of beasts     |       |       |       |       |    10 |    30 ||    40
       Horn of Geryon    |       |       |       |       |       |     3 ||     3
       Phantom mirror    |       |       |       |       |       |     1 ||     1
  Use: Potion            |       |     5 |     2 |       |     2 |     9 ||    18
       Scroll            |       |       |       |     5 |     1 |     5 ||    11
 Stab: Distracted        |       |     1 |       |       |     3 |       ||     4
Armor: Scale mail        |    23 |     7 |     7 |    11 |       |       ||    48
       Plate armour      |       |       |       |    77 |   101 |    43 ||   221
       Crystal plate arm |       |       |       |       |       |    77 ||    77
Dodge: Dodged            |     7 |     4 |    10 |    27 |    36 |    30 ||   114
Block: Kite shield       |    17 |     9 |    10 |    93 |   108 |       ||   237
       Reflection        |       |       |       |     5 |    21 |    15 ||    41
       Tower shield      |       |       |       |       |    20 |   233 ||   253

Table legend: (Time is in decaauts)
 A = Elapsed time spent in this place.
 B = Non-inter-level travel time spent in this place.
 C = Inter-level travel time spent in this place.
 D = Time resting spent in this place.
 E = Time spent auto-exploring this place.
 F = Levels seen in this place.
 G = Mean time per level.
                   A        B        C        D        E       F      G
               +--------+--------+--------+--------+--------+-----+--------+
         Total |   3479 |   3275 |    204 |   1194 |      0 |   1 | 3479.0 |
       Dungeon |   3479 |   3275 |    204 |   1194 |      0 |   1 | 3479.0 |
               +--------+--------+--------+--------+--------+-----+--------+

Top non-repeatable levels by time:
       D: 3479 daAuts
